TOP OF THE 1ST |
Little Rock Lemmiwinks batting - Pitching for Evanston Elitists : RHP Raúl Pérez
|
Pitching: RHP Raúl Pérez
|
|
Batting: RHB Álex Martínez
|
0-0: Ball 1-0: Ball 2-0: Ball 3-0: Called Strike 3-1: Base on Balls
|
Batting: LHB Manny Robles
|
0-0: Called Strike 0-1: Swinging Strike 0-2: Ball 1-2: Strikes out swinging
|
Batting: LHB Horace Kramer
|
0-0: Called Strike 0-1: Foul Ball, location: 2F 0-2: Strikes out looking Álex Martínez is caught stealing 2nd base Batter strikes out.
|
Top of the 1st over - 0 runs, 0 hits, 0 errors, 0 left on base; Little Rock 0 - Evanston 0 |
BOTTOM OF THE 1ST |
Evanston Elitists batting - Pitching for Little Rock Lemmiwinks : RHP Brian Harvey
|
Pitching: RHP Brian Harvey
|
|
Batting: SHB Troy Abreu
|
0-0: Ball 1-0: Called Strike 1-1: Ground out 3-1 (Groundball, 34S)
|
Batting: LHB Jean-Sébastien Beaudin
|
0-0: Foul Ball, location: 2F 0-1: Ball 1-1: Ground out 4-3 (Groundball, 4)
|
Batting: RHB Greg Nichols
|
0-0: Ball 1-0: Swinging Strike 1-1: Ball 2-1: Ball 3-1: Foul Ball, location: 2F 3-2: Strikes out swinging
|
Bottom of the 1st over - 0 runs, 0 hits, 0 errors, 0 left on base; Little Rock 0 - Evanston 0 |
TOP OF THE 2ND |
Little Rock Lemmiwinks batting - Pitching for Evanston Elitists : RHP Raúl Pérez
|
Batting: RHB Roberto Valdéz
|
0-0: Hit by Pitch
|
Batting: LHB Greg MacCanish
|
0-0: Called Strike 0-1: Ground out 4-3 (Groundball, 4S) Roberto Valdéz to second
|
Batting: RHB Ánibal Soto
|
0-0: Ball 1-0: Foul Ball, location: 2F 1-1: Foul Ball, location: 2F 1-2: Foul Ball, location: 2F 1-2: Single, Error in OF, E9, batter to second base Roberto Valdéz scores
|
Batting: RHB Germán Vargas
|
0-0: Ball 1-0: Ball 2-0: Ball 3-0: Base on Balls
|
Batting: RHB Carlos Estrada
|
0-0: Ball 1-0: Ball 2-0: Reached on error, E3 (Groundball, 34) Ánibal Soto to third Germán Vargas to second
|
Batting: RHB Benjamin Monroe
|
0-0: Ball 1-0: Called Strike 1-1: Foul Ball, location: 2F 1-2: Foul Ball, location: 2F 1-2: SINGLE (Groundball, 6MS) (infield hit) Ánibal Soto scores Germán Vargas to third Carlos Estrada to second
|
Batting: RHB Álex Martínez
|
0-0: Called Strike 0-1: Foul Ball, location: 2F 0-2: Foul Ball, location: 2F 0-2: Hit by Pitch Germán Vargas scores Carlos Estrada to third Benjamin Monroe to second
|
Batting: LHB Manny Robles
|
0-0: Ball 1-0: Swinging Strike 1-1: Swinging Strike 1-2: Ball 2-2: Foul Ball, location: 2F 2-2: Ball 3-2: Foul Ball, location: 2F 3-2: Base on Balls Carlos Estrada scores Benjamin Monroe to third Álex Martínez to second
|
Batting: LHB Horace Kramer
|
0-0: Ball 1-0: Ball 2-0: Ball 3-0: Called Strike 3-1: Base on Balls Benjamin Monroe scores Álex Martínez to third Manny Robles to second
|
Batting: RHB Roberto Valdéz
|
0-0: Called Strike 0-1: SINGLE (Flyball, 7LS) Álex Martínez scores Manny Robles to third Horace Kramer to second Runner from 3rd tries for Home, SAFE, no throw
|
Batting: LHB Greg MacCanish
|
0-0: DOUBLE (Line Drive, 3D) Horace Kramer scores Roberto Valdéz to third
|
Batting: RHB Ánibal Soto
|
0-0: Called Strike 0-1: Foul Ball, location: 2F 0-2: Fly out, F9 (Line Drive, 9LM) Runner from 3rd tags up, SCORES, no throw
|
Batting: RHB Germán Vargas
|
0-0: Foul Ball, location: 2F 0-1: Ball 1-1: Ball 2-1: Foul Ball, location: 2F 2-2: Foul Ball, location: 2F 2-2: Ball 3-2: Fly out, F5 (Line Drive, 56)
|
Top of the 2nd over - 9 runs, 4 hits, 2 errors, 1 left on base; Little Rock 9 - Evanston 0 |
BOTTOM OF THE 2ND |
Evanston Elitists batting - Pitching for Little Rock Lemmiwinks : RHP Brian Harvey
|
Batting: RHB Troy Johnson
|
0-0: Ball 1-0: Ball 2-0: Swinging Strike 2-1: Ball 3-1: Base on Balls
|
Batting: RHB Chris Barker
|
0-0: Swinging Strike 0-1: Called Strike 0-2: Ball 1-2: Ball 2-2: Strikes out swinging
|
Batting: RHB Jaime Aguirre
|
0-0: Grounds into double play, 5-4-3 (Groundball, 56)
|
Bottom of the 2nd over - 0 runs, 0 hits, 0 errors, 0 left on base; Little Rock 9 - Evanston 0 |
TOP OF THE 3RD |
Little Rock Lemmiwinks batting - Pitching for Evanston Elitists : RHP Raúl Pérez
|
Batting: RHB Carlos Estrada
|
0-0: Ball 1-0: Fly out, F2 (Popup, 25F)
|
Batting: RHB Benjamin Monroe
|
0-0: Ball 1-0: Ball 2-0: Called Strike 2-1: SINGLE (Groundball, 56) (infield hit)
|
Batting: RHB Álex Martínez
|
0-0: SINGLE (Groundball, 4MD) Benjamin Monroe to second
|
Batting: LHB Manny Robles
|
0-0: Ball 1-0: Ball 2-0: Called Strike 2-1: Ball 3-1: Fly out, F3 (Popup, 23F)
|
Batting: LHB Horace Kramer
|
0-0: Ball 1-0: Ball 2-0: Called Strike 2-1: Fielders Choice at 2nd, 5-4 (Groundball, 56)
|
Top of the 3rd over - 0 runs, 2 hits, 0 errors, 2 left on base; Little Rock 9 - Evanston 0 |
BOTTOM OF THE 3RD |
Evanston Elitists batting - Pitching for Little Rock Lemmiwinks : RHP Brian Harvey
|
Batting: SHB Doug Thompson
|
0-0: Called Strike 0-1: Ball 1-1: Foul Ball, location: 2F 1-2: Ball 2-2: Foul Ball, location: 2F 2-2: Foul Ball, location: 2F 2-2: Foul Ball, location: 2F 2-2: Fly out, F5 (Popup, 5F)
|
Batting: RHB Billy Gray
|
0-0: Ground out 5-3 (Groundball, 56)
|
Batting: RHB Bruce Adams
|
0-0: Ball 1-0: Ball 2-0: Ball 3-0: Base on Balls
|
Batting: SHB Troy Abreu
|
0-0: Called Strike 0-1: Foul Ball, location: 2F 0-2: Strikes out looking
|
Bottom of the 3rd over - 0 runs, 0 hits, 0 errors, 1 left on base; Little Rock 9 - Evanston 0 |
TOP OF THE 4TH |
Little Rock Lemmiwinks batting - Pitching for Evanston Elitists : RHP Raúl Pérez
|
Batting: RHB Roberto Valdéz
|
0-0: Called Strike 0-1: Swinging Strike 0-2: Ball 1-2: Foul Ball, location: 2F 1-2: Strikes out looking
|
Batting: LHB Greg MacCanish
|
0-0: Ball 1-0: Ball 2-0: Called Strike 2-1: Ball 3-1: Called Strike 3-2: Foul Ball, location: 2F 3-2: Base on Balls
|
Batting: RHB Ánibal Soto
|
0-0: Ball 1-0: Called Strike 1-1: Swinging Strike 1-2: Foul Ball, location: 2F 1-2: Ball 2-2: Ball 3-2: Strikes out swinging
|
Batting: RHB Germán Vargas
|
0-0: Ball 1-0: Foul Ball, location: 2F 1-1: Ball 2-1: Fly out, F9 (Flyball, 9S)
|
Top of the 4th over - 0 runs, 0 hits, 0 errors, 1 left on base; Little Rock 9 - Evanston 0 |
BOTTOM OF THE 4TH |
Evanston Elitists batting - Pitching for Little Rock Lemmiwinks : RHP Brian Harvey
|
Batting: LHB Jean-Sébastien Beaudin
|
0-0: Ball 1-0: Foul Ball, location: 2F 1-1: Ball 2-1: Called Strike 2-2: Ball 3-2: Base on Balls
|
Batting: RHB Greg Nichols
|
0-0: Ball 1-0: Ball 2-0: Swinging Strike 2-1: Foul Ball, location: 2F 2-2: Ball 3-2: Fly out, F5 (Popup, 25F)
|
Batting: RHB Troy Johnson
|
0-0: Called Strike 0-1: Ball 1-1: Ball 2-1: Ball 3-1: Swinging Strike 3-2: Base on Balls Jean-Sébastien Beaudin to second
|
Batting: RHB Chris Barker
|
0-0: Called Strike 0-1: Ball 1-1: Ball Jean-Sébastien Beaudin steals 3rd base Troy Johnson to second 2-1: Ball 3-1: Base on Balls
|
Batting: RHB Jaime Aguirre
|
0-0: Ball 1-0: Ball 2-0: Swinging Strike 2-1: Called Strike 2-2: Foul Ball, location: 2F 2-2: Ball 3-2: Foul Ball, location: 2F 3-2: Grounds into double play, 4-6-3 (Groundball, 4)
|
Bottom of the 4th over - 0 runs, 0 hits, 0 errors, 2 left on base; Little Rock 9 - Evanston 0 |
TOP OF THE 5TH |
Little Rock Lemmiwinks batting - Pitching for Evanston Elitists : RHP Raúl Pérez
|
Batting: RHB Carlos Estrada
|
0-0: Called Strike 0-1: Swinging Strike 0-2: Ball 1-2: SINGLE (Groundball, 6MD)
|
Batting: RHB Benjamin Monroe
|
0-0: Ball 1-0: Ball 2-0: Foul Ball, location: 2F 2-1: Swinging Strike 2-2: Foul Ball, location: 2F 2-2: Strikes out looking
|
Pitching: RHP Bob Allen
|
|
Batting: RHB Álex Martínez
|
0-0: Ground out 5-3 (Groundball, 5S) Carlos Estrada to second
|
Batting: LHB Manny Robles
|
0-0: Called Strike 0-1: Ball 1-1: Swinging Strike 1-2: Foul Ball, location: 2F 1-2: Foul Ball, location: 2F 1-2: Ball 2-2: Ball 3-2: Base on Balls
|
Batting: LHB Horace Kramer
|
0-0: Foul Ball, location: 2F 0-1: Foul Ball, location: 2F 0-2: Ball 1-2: Ball 2-2: Ball 3-2: Base on Balls Carlos Estrada to third Manny Robles to second
|
Batting: RHB Roberto Valdéz
|
0-0: Called Strike 0-1: SINGLE (Groundball, 56S) (infield hit) Carlos Estrada scores Manny Robles to third Horace Kramer to second
|
Batting: LHB Greg MacCanish
|
0-0: Called Strike 0-1: Foul Ball, location: 2F 0-2: Ball 1-2: Strikes out swinging
|
Top of the 5th over - 1 run, 2 hits, 0 errors, 3 left on base; Little Rock 10 - Evanston 0 |
BOTTOM OF THE 5TH |
Evanston Elitists batting - Pitching for Little Rock Lemmiwinks : RHP Brian Harvey
|
Batting: SHB Doug Thompson
|
0-0: Ball 1-0: Ball 2-0: Ball 3-0: Called Strike 3-1: Foul Ball, location: 2F 3-2: Strikes out swinging
|
Batting: RHB Billy Gray
|
0-0: Foul Ball, location: 2F 0-1: Swinging Strike 0-2: Ball 1-2: Foul Ball, location: 2F 1-2: Strikes out swinging
|
Batting: RHB Bruce Adams
|
0-0: Swinging Strike 0-1: Foul Ball, location: 2F 0-2: Ball 1-2: Strikes out swinging
|
Bottom of the 5th over - 0 runs, 0 hits, 0 errors, 0 left on base; Little Rock 10 - Evanston 0 |
TOP OF THE 6TH |
Little Rock Lemmiwinks batting - Pitching for Evanston Elitists : RHP Bob Allen
|
Batting: RHB Ánibal Soto
|
0-0: SINGLE (Groundball, 34D)
|
Batting: RHB Germán Vargas
|
0-0: Ball 1-0: Ball 2-0: Swinging Strike 2-1: Grounds into double play, 1-6-3 (Groundball, P)
|
Batting: RHB Carlos Estrada
|
0-0: Fly out, F8 (Flyball, 8LM)
|
Top of the 6th over - 0 runs, 1 hit, 0 errors, 0 left on base; Little Rock 10 - Evanston 0 |
BOTTOM OF THE 6TH |
Evanston Elitists batting - Pitching for Little Rock Lemmiwinks : RHP Brian Harvey
|
Batting: SHB Troy Abreu
|
0-0: Swinging Strike 0-1: Called Strike 0-2: Foul Ball, location: 2F 0-2: Ball 1-2: Strikes out swinging
|
Batting: LHB Jean-Sébastien Beaudin
|
0-0: Ground out 4-3 (Groundball, 4M)
|
Batting: RHB Greg Nichols
|
0-0: Fly out, F9 (Flyball, 9)
|
Bottom of the 6th over - 0 runs, 0 hits, 0 errors, 0 left on base; Little Rock 10 - Evanston 0 |
TOP OF THE 7TH |
Little Rock Lemmiwinks batting - Pitching for Evanston Elitists : RHP Bob Allen
|
Batting: RHB Benjamin Monroe
|
0-0: Ground out 6-3 (Groundball, 6M)
|
Batting: RHB Álex Martínez
|
0-0: Foul Ball, location: 2F 0-1: Ball 1-1: Foul Ball, location: 2F 1-2: Ball 2-2: Ground out 6-3 (Groundball, 6)
|
Batting: LHB Manny Robles
|
0-0: Called Strike 0-1: Ball 1-1: Reached on error, E5 (Groundball, 56)
|
Batting: LHB Horace Kramer
|
0-0: Ball 1-0: Called Strike Manny Robles is caught stealing 2nd base
|
Top of the 7th over - 0 runs, 0 hits, 1 error, 0 left on base; Little Rock 10 - Evanston 0 |
BOTTOM OF THE 7TH |
Evanston Elitists batting - Pitching for Little Rock Lemmiwinks : RHP Brian Harvey
|
Batting: RHB Troy Johnson
|
0-0: Ground out 5-3 (Groundball, 5S)
|
Batting: RHB Chris Barker
|
0-0: Ball 1-0: Called Strike 1-1: Swinging Strike 1-2: Foul Ball, location: 2F 1-2: Ball 2-2: Ball 3-2: Foul Ball, location: 2F 3-2: Foul Ball, location: 2F 3-2: SINGLE (Flyball, 9S)
|
Batting: RHB Jaime Aguirre
|
0-0: Called Strike 0-1: Foul Ball, location: 2F 0-2: Ball 1-2: Reached on error, E3 (Groundball, 3) Chris Barker to second
|
Batting: SHB Doug Thompson
|
0-0: Called Strike 0-1: Ball 1-1: Called Strike 1-2: Grounds into double play, 6-4-3 (Groundball, 6)
|
Bottom of the 7th over - 0 runs, 1 hit, 1 error, 1 left on base; Little Rock 10 - Evanston 0 |
TOP OF THE 8TH |
Little Rock Lemmiwinks batting - Pitching for Evanston Elitists : RHP Bob Allen
|
Batting: LHB Horace Kramer
|
0-0: Foul Ball, location: 2F 0-1: Ball 1-1: Ball 2-1: Ball 3-1: Called Strike 3-2: Base on Balls
|
Pitching: RHP José Aponte
|
|
Batting: RHB Roberto Valdéz
|
0-0: SINGLE (Line Drive, 7LS) Horace Kramer to second
|
Batting: LHB Greg MacCanish
|
0-0: Foul Ball, location: 2F 0-1: SINGLE (Groundball, 34D) Horace Kramer to third Roberto Valdéz to second
|
Batting: RHB Ánibal Soto
|
0-0: Ball 1-0: Called Strike 1-1: Foul Ball, location: 2F 1-2: Ball 2-2: Ball 3-2: Base on Balls Horace Kramer scores Roberto Valdéz to third Greg MacCanish to second
|
Batting: RHB Germán Vargas
|
0-0: Ball 1-0: Foul Ball, location: 2F 1-1: Grounds into double play, 6-4-3 (Groundball, 6) Roberto Valdéz scores Greg MacCanish to third
|
Batting: RHB Carlos Estrada
|
0-0: Called Strike 0-1: Foul Ball, location: 2F 0-2: Ball 1-2: SINGLE (Flyball, 3D) Greg MacCanish scores
|
Batting: RHB Benjamin Monroe
|
0-0: Called Strike 0-1: SINGLE (Flyball, 7S) Carlos Estrada to second
|
Batting: RHB Álex Martínez
|
0-0: Called Strike 0-1: Fly out, F7 (Flyball, 7S)
|
Top of the 8th over - 3 runs, 4 hits, 0 errors, 2 left on base; Little Rock 13 - Evanston 0 |
BOTTOM OF THE 8TH |
Evanston Elitists batting - Pitching for Little Rock Lemmiwinks : RHP Brian Harvey
|
Batting: RHB Billy Gray
|
0-0: Fly out, F8 (Flyball, 8LM)
|
Batting: RHB Bruce Adams
|
0-0: Foul Ball, location: 2F 0-1: Called Strike 0-2: Foul Ball, location: 2F 0-2: Ground out U3 (Groundball, 34S)
|
Batting: SHB Troy Abreu
|
0-0: Called Strike 0-1: Ball 1-1: Ball 2-1: Ball 3-1: Base on Balls
|
Batting: LHB Jean-Sébastien Beaudin
|
0-0: SINGLE (Groundball, 34D) Troy Abreu to second Runner from 2nd tries for 3rd, SAFE, no throw
|
Batting: RHB Greg Nichols
|
0-0: Called Strike 0-1: Ball 1-1: Swinging Strike 1-2: Ground out 6-3 (Groundball, 6)
|
Bottom of the 8th over - 0 runs, 1 hit, 0 errors, 2 left on base; Little Rock 13 - Evanston 0 |
TOP OF THE 9TH |
Little Rock Lemmiwinks batting - Pitching for Evanston Elitists : RHP José Aponte
|
Batting: LHB Manny Robles
|
0-0: DOUBLE (Line Drive, 9LD)
|
Batting: LHB Horace Kramer
|
0-0: Called Strike 0-1: Ball 1-1: Foul Ball, location: 2F 1-2: Ball 2-2: Foul Ball, location: 2F 2-2: Ground out 1-3 (Groundball, P) Manny Robles to third
|
Pinch Hitting: RHB Júlio Colón
|
0-0: Ground out 6-3 (Groundball, 6) Manny Robles scores
|
Batting: LHB Greg MacCanish
|
0-0: Ball 1-0: Ball 2-0: Ball 3-0: Base on Balls
|
Batting: RHB Ánibal Soto
|
0-0: SINGLE (Line Drive, 89S) Greg MacCanish to second Runner from 2nd tries for 3rd, SAFE, no throw
|
Batting: RHB Germán Vargas
|
0-0: Ball 1-0: SINGLE (Line Drive, 7S) Greg MacCanish scores Ánibal Soto to second
|
Batting: RHB Carlos Estrada
|
0-0: Ball 1-0: 3-RUN HOME RUN (Flyball, 7LD), Distance : 346 ft
|
Batting: RHB Benjamin Monroe
|
0-0: Called Strike 0-1: Foul Ball, location: 2F 0-2: Ball 1-2: Ground out 6-3 (Groundball, 6)
|
Top of the 9th over - 5 runs, 4 hits, 0 errors, 0 left on base; Little Rock 18 - Evanston 0 |
BOTTOM OF THE 9TH |
Evanston Elitists batting - Pitching for Little Rock Lemmiwinks : RHP Brian Harvey
|
Now at 1B: Júlio Colón
|
|
Batting: RHB Troy Johnson
|
0-0: Foul Ball, location: 2F 0-1: Ball 1-1: Ball 2-1: Ball 3-1: Base on Balls
|
Pitching: RHP Lorenzo Fernández
|
|
Batting: RHB Chris Barker
|
0-0: Called Strike 0-1: Ball 1-1: Foul Ball, location: 2F 1-2: Foul Ball, location: 2F 1-2: Foul Ball, location: 2F 1-2: Strikes out swinging
|
Batting: RHB Jaime Aguirre
|
0-0: Ball 1-0: Foul Ball, location: 2F 1-1: Foul Ball, location: 2F 1-2: Ball 2-2: Foul Ball, location: 2F 2-2: Ball 3-2: Base on Balls Troy Johnson to second
|
Batting: SHB Doug Thompson
|
0-0: Ball 1-0: Swinging Strike 1-1: Grounds out, U3 (Groundball, 3L) Troy Johnson to third
|
Pinch Hitting: RHB Joe Farrell
|
0-0: SINGLE (Groundball, 3D) Troy Johnson scores Jaime Aguirre to third
|
Batting: RHB Bruce Adams
|
0-0: Called Strike 0-1: Ball 1-1: Foul Ball, location: 2F 1-2: Foul Ball, location: 2F 1-2: SINGLE (Groundball, 56S) (infield hit) Jaime Aguirre scores Joe Farrell to second
|
Batting: SHB Troy Abreu
|
0-0: Swinging Strike 0-1: Swinging Strike 0-2: Strikes out swinging
|
Bottom of the 9th over - 2 runs, 2 hits, 0 errors, 2 left on base; Little Rock 18 - Evanston 2 |
|